 Dungeon Sprint DCSS version 0.26-a0-1086-g9010512d90 (webtiles) character file.

Game seed: 4664904045629427024

116 mhtbhm the Slinger (level 5, -1/54 HPs)
             Began as a Halfling Hunter on Dec 14, 2020.
             Slain by an orc priest (6 damage)
             ... in the Dungeon (Sprint IX: "|||||||||||||||||||||||||||||").
             The game lasted 00:00:34 (155 turns).

mhtbhm the Slinger (Halfling Hunter)                 Turns: 155, Time: 00:00:35

Health: -1/54      AC:  3    Str: 14    XL:     5   Next: 21%
Magic:  5/5        EV: 16    Int:  9    God:
Gold:   0          SH:  0    Dex: 15    Spells: 4/4 levels left

rFire    . . .     SeeInvis .   b - +0 short sword
rCold    . . .     Faith    .   (shield restricted)
rNeg     . . .     Spirit   .   c - +0 leather armour
rPois    .         Reflect  .   (no helmet)
rElec    .         Harm     .   (no cloak)
rCorr    .         Rampage  .   (no gloves)
Will     .....     NoTele   +   (no boots)
Stlth    ..........             (no amulet)
HPRegen  0.18/turn              (no ring)
MPRegen  0.09/turn              (no ring)

@: berserking (expiring), lethally poisoned (-1 -> -2), very quick
A: small, mutation resistance 1
a: no special abilities


You were in the Dungeon.
You visited 1 branch

Inventory:

Hand Weapons
 a - a +1 hunting sling
 b - a +0 short sword (weapon)
Missiles
 d - 10 sling bullets
Armour
 c - a +0 leather armour (worn)
Scrolls
 j - a scroll of blinking
Potions
 g - a potion of haste
 h - 2 potions of magic


   Skills:
 + Level 3.6 Fighting
 + Level 1.1 Short Blades
 + Level 12.2 Slings
 + Level 2.1 Armour
 + Level 3.6 Dodging
 + Level 1.1 Stealth


You had 4 spell levels left.
You didn't know any spells.
Your spell library was empty.

Dungeon Overview and Level Annotations

Branches:
Dungeon (1/1)

Altars:


Innate Abilities, Weirdness & Mutations

You are small and have problems with some larger weapons.
You are somewhat resistant to further mutation.


Message History

The orc priest invokes the aid of Beogh against you.
Pain shoots through your body!
* * * LOW HITPOINT WARNING * * *
Your Fighting skill increases to level 3!
Your Short Blades skill increases to level 1!
Your Slings skill gained 3 levels and is now at level 12!
Your Armour skill increases to level 2!
Your Dodging skill increases to level 3!
You have reached level 4!
You have reached level 5!
You feel agile.
You feel sick.
The orc priest hits you but does no damage.
There is an open door to the Dungeon, spattered with blood here.
Items here: ( ) ††.
You closely miss the orc priest. You puncture the orc priest!
The orc priest is heavily wounded.
The orc priest hits you.
You die...

▓.▓
▓(▓
▓'▓
▓(▓
▓.▓
▓g▓
▓l▓
▓o▓
▓@▓
▓.▓
▓.▓
▓.▓
▓<▓
▓▓▓


You could see a gnoll sergeant, an orc priest and a frilled lizard.

Vanquished Creatures
  An ogre (D)
  A worker ant (D)
  2 bats (D)
  A giant cockroach (D)
  A hobgoblin (D)
  A rat (D)
7 creatures vanquished.

Notes
Turn   | Place    | Note
-------+----------+-------------------------------------------
     0 | D        | mhtbhm the Halfling Hunter began the quest for the Orb.
     0 | D        | Reached XP level 1. HP: 14/14 MP: 1/1
     5 | D        | Reached skill level 6 in Slings
     7 | D        | Reached skill level 7 in Slings
    16 | D        | Reached XP level 2. HP: 19/19 MP: 2/2
   127 | D        | Noticed a gnoll sergeant
   127 | D        | Noticed an ogre
   149 | D        | Reached skill level 9 in Slings
   149 | D        | Reached skill level 1 in Armour
   149 | D        | Reached XP level 3. HP: 6/25 MP: 3/3
   152 | D        | Killed an ogre
   153 | D        | Reached skill level 1 in Short Blades
   153 | D        | Reached skill level 12 in Slings
   153 | D        | Reached XP level 4. HP: 5/32 MP: 4/4
   153 | D        | Reached XP level 5. HP: 6/36 MP: 5/5
   155 | D        | Slain by an orc priest

Illustrated notes

Levels and vault maps discovered:
D:        linesprint [early_d, line_temple, items_1, d_10, items_2, lair_1,
          lair_end, items_3, orc_1, orc_end, items_4, d_15, swamp_1, shoals_1,
          snake_1, spider_1, d_20, vaults_1, items_5, swamp_end, shoals_end,
          snake_end, spider_end, vaults_end, d_27, items_6, zot_1, zot_end,
          crypt_end, forest_end, elf_end, slime_end, tomb_end, abyss_end,
          pan_hell_end]

Skill      XL: |  1  2  3 |
---------------+----------+-----
Slings         | 7 9 12 | 12.2
Fighting       | 2 3 |  3.6
Armour         | 1 2 |  2.1
Short Blades   | 1 |  1.1
Dodging        | 3 |  3.6
Stealth        | |  1.1

Action                   |  1- 3 |  4- 6 || total
-------------------------+-------+-------++-------
Melee: Short sword       |     7 |     2 ||     9
 Fire: Hunting sling     |    20 |       ||    20
  Use: Potion            |     3 |       ||     3
Armor: Leather armour    |     1 |     1 ||     2
Dodge: Dodged            |    13 |       ||    13

Table legend: (Time is in decaauts)
 A = Elapsed time spent in this place.
 B = Non-inter-level travel time spent in this place.
 C = Inter-level travel time spent in this place.
 D = Time resting spent in this place.
 E = Time spent auto-exploring this place.
 F = Levels seen in this place.
 G = Mean time per level.
                   A        B        C        D        E       F      G
               +--------+--------+--------+--------+--------+-----+--------+
         Total |    148 |    148 |      0 |    100 |      3 |   1 |  148.0 |
       Dungeon |    148 |    148 |      0 |    100 |      3 |   1 |  148.0 |
               +--------+--------+--------+--------+--------+-----+--------+

Top non-repeatable levels by time:
       D: 148 daAuts
